 Dungeon Crawl Stone Soup version 0.30.1-4-g462c640d31 (webtiles) character file.

Game seed: 6324275830886479338

11638 Almogavar the Carver (level 11, -15/151 HPs)
             Began as a Minotaur Berserker on Aug 27, 2023.
             Was a High Priest of Trog.
             Demolished by an orc warlord
             ... wielding a +3 heavy war axe
              (50 damage)
             ... on level 2 of the Orcish Mines.
             The game lasted 00:32:54 (9992 turns).

Almogavar the Carver (Minotaur Berserker)           Turns: 9992, Time: 00:32:55

Health: -15/151    AC: 27    Str: 25    XL:     11   Next: 51%
Magic:  10/10      EV: 10    Int:  8    God:    Trog [*****.]
Gold:   615        SH:  4    Dex:  9    Spells: 10/10 levels left

rFire   . . .        a - +5 falchion (protect)
rCold   + . .        v - +0 buckler
rNeg    . . .        g - +0 chain mail
rPois   .            (helmet restricted)
rElec   .            (no cloak)
rCorr   .            (no gloves)
SInv    .            q - +3 pair of mountain boots {steadfast, rC+}
Will    .....        (no amulet) Stlth
                     z - +4 ring of protection
HPRegen 0.45/turn    (no ring)
MPRegen 0.12/turn

%: no passive effects
@: berserking (expiring), under a protective aura, studying Fighting, very quick
A: horns 2, retaliatory headbutt, clever 1
a: Renounce Religion, Berserk, Trog's Hand, Brothers in Arms


You were on level 2 of the Orcish Mines.
You worshipped Trog.
Trog was extremely pleased with you.
You visited 2 branches of the dungeon, and saw 11 of its levels.

You collected 765 gold pieces.
You spent 150 gold pieces at shops.

Inventory:

Hand Weapons
 a - a +5 falchion of protection (weapon)
 i - a +2 sling of freezing
 C - a +1 rapier of flaming
Missiles
 k - 3 throwing nets (quivered)
Armour
 g - a +0 chain mail (worn)
 m - a +2 ring mail of poison resistance
 q - the +3 pair of mountain boots (worn) {steadfast, rC+}
   (You acquired it on level 9 of the Dungeon)

   Steadfast: It prevents involuntary movement, except for blinking,
   teleportation, or banishment.
   rC:        It protects you from cold.
 t - a +1 ring mail of willpower
 v - a +0 buckler (worn)
 y - a +0 tower shield
 E - +0 acid dragon scales
Jewellery
 z - a +4 ring of protection (left hand)
Wands
 c - a wand of iceblast (9)
 D - a wand of mindburst (5)
 F - a wand of polymorph (8)
Scrolls
 d - 2 scrolls of teleportation
 j - a scroll of silence
 l - 2 scrolls of poison
 n - 2 scrolls of enchant armour
 w - a scroll of torment {unknown}
 x - a scroll of fog {unknown}
 G - a scroll of brand weapon {unknown}
 H - a scroll of blinking {unknown}
Potions
 b - 2 potions of haste
 e - 3 potions of cancellation
 f - 8 potions of curing
 h - a potion of magic
 o - 5 potions of heal wounds
 p - a potion of lignification
 r - a potion of resistance
 s - 2 potions of flight
 A - a potion of berserk rage {unknown}
 B - a potion of invisibility {unknown}


   Skills:
 + Level 10.9 Fighting
 + Level 14.1 Long Blades
 + Level 4.8 Ranged Weapons
 + Level 11.0 Armour
 + Level 5.7 Dodging
 - Level 1.2 Stealth
 + Level 4.0 Shields
 + Level 0.4 Evocations


You had 10 spell levels left.
You didn't know any spells.
Your spell library was empty.

Dungeon Overview and Level Annotations

Branches:
Dungeon (9/15)             Temple (0/1) D:6            Lair (0/5) D:9
    Orc (2/2) D:9             Elf (0/3) Orc:2

Altars:
Cheibriados
Elyvilon
Fedhas
Makhleb
Nemelex Xobeh
Qazlal
Ru

Shops:
D:5 **


Innate Abilities, Weirdness & Mutations

You have a pair of horns on your head.
You reflexively headbutt those who attack you in melee.
Your mind is acute. (Int +4, Str/Dex -1)


Message History

You hit the orc knight. Your headbutt misses the orc knight.
The orc knight is almost dead.
The orc warlord hits you with a +3 heavy war axe!!!
You slash the orc knight!
You kill the orc knight!
Trog accepts your kill.
Your Shields skill increases to level 4!
You hit the orc warlord.
The orc warlord is lightly wounded.
You slash the orc warlord! You headbutt the orc warlord!
The orc warlord is lightly wounded.
You slash the orc warlord!
The orc warlord is moderately wounded.
The orc warlord hits you with a +3 heavy war axe.
You slash the orc warlord! You headbutt the orc warlord.
The orc warlord is moderately wounded.
You completely miss the orc warlord. Your headbutt misses the orc warlord.
The orc warlord is moderately wounded.
You hit the orc warlord.
The orc warlord is moderately wounded.
The orc warlord hits you with a +3 heavy war axe!
You hit the orc warlord but do no damage.
The orc warlord is moderately wounded.
Unknown command.
You hit the orc warlord.
The orc warlord is heavily wounded.
You slash the orc warlord!
The orc warlord is heavily wounded.
You slice the orc warlord!! Your headbutt misses the orc warlord.
The orc warlord is severely wounded.
The orc warlord hits you with a +3 heavy war axe!!
* * * LOW HITPOINT WARNING * * *
You slash the orc warlord!
The orc warlord is severely wounded.
You slash the orc warlord! Your headbutt misses the orc warlord.
The orc warlord is severely wounded.
You slash the orc warlord!
The orc warlord is almost dead.
The orc warlord hits you with a +3 heavy war axe!!!
You die... ..##.............# #...o.. .................# #...o.. .................# #oooo.. .................# o.o.oo.

...).............#
...oooo.
.................#
.......).
...)....3........#
.###......
###........#...o)#
.. #..o...
.#..)...........@#
#. #.....o
....))...........#
.....)###.#......#
...#.))####..##..#
...##....#.......#
#.###.....#......#
### ##...........#
##...........#
##............#


You could see an orc warlord (strong).

Vanquished Creatures
  An orc high priest (Orc:2)
  Pikel (D:6)
  An orc knight (Orc:2)
  An orc sorcerer (Orc:2)
  An unseen horror (D:7)
  Maggie (D:7)
  A kobold demonologist (D:9)
  2 trolls
  Grinder (D:5)
  4 slime creatures
  Sigmund (D:2)
  2 wyverns
  9 yaks
  3 steam dragons
  3 wargs (D:9)
  An acid dragon (D:6)
  A water moccasin (D:7)
  Duvessa (D:5)
  13 orc warriors
  2 ice beasts
  2 black bears
  7 ogres
  6 centaurs
  2 phantoms (D:5)
  2 kobold brigands
  2 scorpions
  3 wights (D:4)
  Dowan (D:5)
  3 howler monkeys
  4 hounds
  3 jellies
  10 orc priests
  A gnoll bouda (D:7)
  5 iguanas
  A sleepcap (D:6)
  Natasha (thrice) (D:2)
  29 orc wizards
  A mummy (D:8)
  Robin (D:2)
  9 adders
  14 gnolls
  2 white imps
  6 dart slugs
  51 orcs
  2 ball pythons (D:3)
  6 endoplasms
  2 giant cockroaches (D:4)
  16 goblins
  6 hobgoblins
  A jackal (D:4)
  11 kobolds
  A quokka (D:4)
  5 bats
  2 frilled lizards (D:2)
  2 rats (D:2)
272 creatures vanquished.

Vanquished Creatures (others)
  An orc wizard (D:6)
  A gnoll (D:7)
2 creatures vanquished.

Grand Total: 274 creatures vanquished

Notes
Turn   | Place    | Note
-------+----------+-------------------------------------------
     0 | D:1      | Almogavar the Minotaur Berserker began the quest for the
                  | Orb.
     0 | D:1      | Reached XP level 1. HP: 19/19 MP: 0/0
   160 | D:1      | Reached skill level 4 in Long Blades
   199 | D:1      | Reached XP level 2. HP: 26/27 MP: 1/1
   708 | D:2      | Reached XP level 3. HP: 29/34 MP: 2/2
   850 | D:2      | Reached ** piety under Trog
   851 | D:2      | Reached XP level 4. HP: 33/41 MP: 3/3
   891 | D:2      | Noticed Sigmund
   901 | D:2      | Killed Sigmund
   902 | D:2      | Reached skill level 5 in Fighting
   902 | D:2      | Reached skill level 5 in Long Blades
   902 | D:2      | Reached XP level 5. HP: 48/48 MP: 4/4
   955 | D:2      | Reached XP level 6. HP: 34/56 MP: 5/5
  1122 | D:2      | Noticed Natasha
  1126 | D:2      | Killed Natasha
  1175 | D:2      | Reached skill level 6 in Long Blades
  1279 | D:2      | Noticed Robin
  1293 | D:2      | Killed Robin
  1427 | D:2      | Noticed Natasha
  1433 | D:2      | Killed Natasha
  1515 | D:2      | Noticed Natasha
  1521 | D:2      | Killed Natasha
  2207 | D:4      | Reached XP level 7. HP: 55/61 MP: 6/6
  2292 | D:4      | Reached skill level 7 in Long Blades
  2323 | D:4      | Reached skill level 5 in Armour
  2329 | D:4      | Reached *** piety under Trog
  2830 | D:5      | Entered Level 5 of the Dungeon
  2865 | D:5      | Noticed Grinder
  2874 | D:5      | Killed Grinder
  2875 | D:5      | Reached skill level 8 in Long Blades
  2875 | D:5      | Reached skill level 1 in Stealth
  2875 | D:5      | Reached XP level 8. HP: 55/70 MP: 7/7
  3002 | D:5      | Reached skill level 9 in Long Blades
  3368 | D:5      | Found Voeqoytz's Specific Store.
  3369 | D:5      | Found Gaypairy's General Store.
  3375 | D:5      | Bought a scroll of enchant weapon for 90 gold pieces
  3375 | D:5      | Bought a potion of heal wounds for 60 gold pieces
  3580 | D:5      | Noticed Duvessa
  3580 | D:5      | Noticed Dowan
  3587 | D:5      | Killed Duvessa
  3588 | D:5      | Reached skill level 10 in Long Blades
  3595 | D:5      | Killed Dowan
  3887 | D:6      | Noticed Pikel
  3904 | D:6      | Killed Pikel
  3905 | D:6      | Reached skill level 1 in Ranged Weapons
  3905 | D:6      | Reached XP level 9. HP: 65/79 MP: 8/8
  3913 | D:6      | Reached skill level 11 in Long Blades
  4337 | D:6      | Found a staircase to the Ecumenical Temple.
  4831 | D:7      | Reached **** piety under Trog
  4925 | D:7      | Found a blossoming altar of Fedhas.
  5011 | D:7      | Reached skill level 1 in Shields
  5074 | D:7      | Reached skill level 12 in Long Blades
  5123 | D:7      | Killed an unseen horror
  5124 | D:7      | Reached skill level 5 in Dodging
  5124 | D:7      | Reached XP level 10. HP: 54/88 MP: 9/9
  5544 | D:7      | Noticed Maggie
  5561 | D:7      | Killed Maggie
  6082 | D:7      | Found a sacrificial altar of Ru.
  6765 | D:8      | Reached skill level 13 in Long Blades
  7018 | D:8      | Found a snail-covered altar of Cheibriados.
  7062 | D:8      | Found a stormy altar of Qazlal.
  7116 | D:8      | Reached skill level 10 in Armour
  7127 | D:8      | Reached ***** piety under Trog
  7355 | D:8      | Found a white marble altar of Elyvilon.
  7623 | D:9      | Found a staircase to the Orcish Mines.
  7693 | D:9      | Noticed an orange demon
  7841 | D:9      | Reached XP level 11. HP: 99/99 MP: 10/10
  7972 | D:9      | Found a staircase to the Lair.
  7996 | D:9      | Received a gift from Trog
  8394 | D:9      | Found a sparkling altar of Nemelex Xobeh.
  8443 | D:9      | Found a burning altar of Makhleb.
  8657 | D:9      | Identified 2 scrolls of acquirement
  8658 | D:9      | Acquired the +3 pair of mountain boots {steadfast, rC+}
  8658 | D:9      | Found the +3 pair of mountain boots {steadfast, rC+}
  8673 | D:9      | Acquired a manual of Fighting
  8706 | Orc:1    | Entered Level 1 of the Orcish Mines
  8722 | Orc:1    | Reached skill level 10 in Fighting
  8943 | Orc:2    | Entered Level 2 of the Orcish Mines
  9074 | Orc:2    | Found a staircase to the Elven Halls.
  9358 | Orc:2    | Reached skill level 14 in Long Blades
  9657 | Orc:2    | Noticed an orc high priest
  9680 | Orc:2    | Gained mutation: Your mind is acute. (Int +4, Str/Dex -1)
                  | [a neqoxec]
  9704 | Orc:2    | Noticed a sun demon
  9821 | Orc:2    | Killed an orc high priest
  9853 | Orc:2    | Noticed an orc sorcerer
  9854 | Orc:2    | Paralysed by an orc sorcerer for 3 turns
  9867 | Orc:2    | Killed an orc sorcerer
  9918 | Orc:2    | Noticed an orc warlord
  9918 | Orc:2    | Noticed an orc knight
  9919 | Orc:2    | Noticed an orc knight
  9920 | Orc:2    | Noticed an orc sorcerer
  9923 | Orc:2    | Noticed an orc knight
  9979 | Orc:2    | Killed an orc knight
  9992 | Orc:2    | Demolished by an orc warlord

Illustrated notes

Levels and vault maps discovered:
D:1:      minmay_arrival_stone_box, layout_rooms, kennysheep_flooded_box
D:2:      layout_loops_ring, st_stairs_5, glass_columns_a, uniq_natasha,
          uniq_sigmund, uniq_robin
D:3:      minmay_wonky_spiral, layout_basic, grunt_decor_junction
D:4:      layout_loops_ring, serial_bayou_pond_b
D:5:      layout_loops_ring, nicolae_specific_store, uniq_grinder, uniq_duvessa
D:6:      layout_rooms, minmay_temple_entry_offerings, serial_bayou_lagoon_b,
          uniq_pikel
D:7:      layout_basic, mainiacjoe_overflow_swirl, uniq_maggie
D:8:      layout_cave_pools, lemuel_doored_altar, slow_altar_2,
          overflow_temple_1_default
D:9:      layout_gridville, lightli_temple_of_fire,
          nemelex_xobeh_ov_fountains_minmay, erik_lair_orcish_takeover,
          minmay_orc_entry_temple_small
Orc:1:    layout_caves, basic_altar, kennysheep_orc_chapel, uniq_nergalle
Orc:2:    st_orc_congregation, layout_diamond_mine

Skill      XL: |  1  2  3  4  5  6  7  8  9 10 11 |
---------------+----------------------------------+-----
Long Blades    | 4 5 6 8 10 12 13 14 | 14.1
Fighting       | 4 5 6 7 8 9 10 | 10.9
Armour         | 3 4 5 7 9 10 11 | 11.0
Dodging        | 3 4 5 |  5.7
Stealth        | 1 |  1.2
Ranged Weapons | 1 2 4 |  4.8
Shields        | 1 3 4 |  4.0
Evocations     | |  0.4

Action                     |  1- 3 |  4- 6 |  7- 9 | 10-12 || total
---------------------------+-------+-------+-------+-------++-------
  Melee: Falchion          |    64 |    80 |   324 |   452 ||   920
         Headbutt          |    11 |    12 |    53 |    82 ||   158
         Punch             |     2 |     2 |     1 |       ||     5
   Fire: Sling             |       |       |     3 |    87 ||    90
 Invoke: Berserk           |     2 |     2 |     3 |     6 ||    13
         Trog's Hand       |       |       |       |     1 ||     1
  Evoke: Wand              |       |       |       |     6 ||     6
    Use: Scroll            |       |     7 |     3 |    11 ||    21
 Armour: Animal skin       |     4 |       |       |       ||     4
         Chain mail        |    19 |    39 |   228 |   205 ||   491
  Dodge: Dodged            |    29 |    39 |   159 |   154 ||   381
  Block: Buckler           |       |       |    23 |    61 ||    84
